 Dungeon Crawl Stone Soup version 0.18-a0-1347-gb9e2fb4 (webtiles) character file.

157 Oddball22 the Slasher (level 5, 0/35 HPs)
             Began as a High Elf Skald on Feb 17, 2016.
             Slain by a white imp (4 damage)
             ... summoned by Natasha
             ... on level 2 of the Dungeon.
             The game lasted 00:06:52 (2272 turns).

Oddball22 the Slasher (High Elf Skald)              Turns: 2272, Time: 00:06:53

Health: 0/35       AC:  4    Str: 11    XL:     5   Next: 15%
Magic:  8/9        EV: 13    Int: 15    God:
Gold:   127        SH:  0    Dex: 16    Spells: 3 memorised, 3 levels left

rFire  . . .     SeeInvis .     i - +1 whip (venom)
rCold  . . .     Gourm    .     b - +0 leather armour
rNeg   . . .     Faith    .     (no shield)
rPois  .         Spirit   .     (helmet restricted)
rElec  .         Dismiss  .     (no cloak)
rCorr  .         Reflect  .     (no gloves)
SustAt .         Harm     .     n - +0 pair of boots (curse)
MR     .....                    (no amulet)
Stlth  +.........               (no ring)
                                (no ring)

@: not resistant to hostile enchantments, very unstealthy
A: horns 1
a: no special abilities


You were on level 2 of the Dungeon.
You were not hungry.

You visited 1 branch of the dungeon, and saw 2 of its levels.

You collected 127 gold pieces.

Inventory:

Hand Weapons
 a - a +0 falchion
 h - a +2 dagger of speed
 i - a +1 whip of venom (weapon)
Missiles
 p - 17 arrows
Armour
 b - a +0 leather armour (worn)
 n - a cursed +0 pair of boots (worn)
Wands
 t - a wand of lightning (8/15)
Scrolls
 e - a scroll of recharging {unknown}
 f - a scroll of random uselessness {unknown}
 j - a scroll of magic mapping {unknown}
 k - a scroll of amnesia {unknown}
 l - a scroll of enchant weapon {unknown}
 m - 2 scrolls of identify {unknown}
 o - 3 scrolls of remove curse {unknown}
 q - a scroll of fog {unknown}
Potions
 r - a potion of might {unknown}
 s - a potion of mutation {unknown}
Books
 c - a book of Battle

   Spells                             Type                      Level
   a - Infusion                       Charms                       1
   b - Shroud of Golubria             Charms/Translocation         2
   c - Song of Slaying                Charms                       2
   d - Spectral Weapon                Hexes/Charms                 3
   e - Regeneration                   Charms/Necromancy            3
Comestibles
 d - 3 bread rations
 g - 4 chunks of flesh


   Skills:
 + Level 2.7 Fighting
 * Level 5.1 Long Blades
 - Level 0.8 Armour
 + Level 2.9 Dodging
 - Level 2.4 Spellcasting
 - Level 3.6 Charms


You had 3 spell levels left.
You knew the following spells:

 Your Spells              Type           Power        Failure   Level  Hunger
a - Infusion              Chrm           ##..         10%         1    #......
b - Song of Slaying       Chrm           ##......     12%         2    ###....
c - Shroud of Golubria    Chrm/Tloc      #.........   24%         2    ###....


Dungeon Overview and Level Annotations

Branches:
Dungeon (2/15)

Altars:

Annotations:
D:2 Natasha


Innate Abilities, Weirdness & Mutations

You have a pair of small horns on your head.


Message History

You hit Natasha.
Natasha is heavily wounded.
Your shroud begins to fray at the edges.
Natasha claws you. The white imp hits you. The white imp freezes you.
Your shroud falls apart!
Natasha completely misses you.
You closely miss Natasha.
Natasha is severely wounded.
The white imp gestures at you. The puff of frost hits you! Natasha claws you.
* * * LOW HITPOINT WARNING * * *
The white imp barely misses you.
You barely miss Natasha.
Natasha is almost dead.
Natasha claws you.
* * * LOW HITPOINT WARNING * * *
The white imp hits you.
* * * LOW HITPOINT WARNING * * *
The white imp freezes you.
You die...

.#.#<.>.....................#....
.#.###.####.................#....
.#........#.............#####....
.####..##.###########.[.#........
.# ##...#.# #..................
.# #......# #...........(......
.# #.#..#### #..................
.# #.......####.................#
## ###..........@h...............
##....####..5....###.......#
###### #####.....#.#######
####.....#.#######
#........#.#......
#........#)#.#####
#....(...#(#......
#.....(###).......
######...)...##..#.....


You could see Natasha and a white imp.

Vanquished Creatures
  Natasha (D:2)
  Robin (D:2)
  3 gnolls (D:2)
  4 adders
  A giant gecko (D:2)
  2 giant cockroaches (D:1)
  14 goblins
  3 hobgoblins
  4 jackals
  5 kobolds
  8 bats
  3 giant newts (D:1)
  6 rats
55 creatures vanquished.

Notes
Turn   | Place    | Note
--------------------------------------------------------------
     0 | D:1      | Oddball22 the High Elf Skald began the quest for the Orb.
     0 | D:1      | Reached XP level 1. HP: 14/14 MP: 4/4
   127 | D:1      | Reached XP level 2. HP: 12/19 MP: 6/6
   134 | D:1      | Learned a level 2 spell: Song of Slaying
   137 | D:1      | Learned a level 2 spell: Shroud of Golubria
   762 | D:1      | Reached XP level 3. HP: 24/24 MP: 7/7
   948 | D:1      | Reached skill level 4 in Long Blades
  1411 | D:2      | Reached XP level 4. HP: 22/29 MP: 3/8
  1892 | D:2      | Noticed Robin
  1922 | D:2      | Killed Robin
  1933 | D:2      | Gained mutation: You have a pair of small horns on your head. [potion of beneficial mutation]
  2017 | D:2      | Reached skill level 5 in Long Blades
  2166 | D:2      | Noticed Natasha
  2181 | D:2      | Killed Natasha
  2181 | D:2      | Reached XP level 5. HP: 35/35 MP: 3/9
  2259 | D:2      | Noticed Natasha
  2272 | D:2      | Slain by a white imp

Vault maps used:
D:1:      minmay_arrival_three_doors, roderic_bali_sauvastika
D:2:      uniq_natasha, uniq_robin

Action                   |  1- 3 |  4- 6 || total
-------------------------+-------+-------++-------
Melee: Falchion          |   121 |    46 ||   167
       Whip              |       |    20 ||    20
 Cast: Infusion          |     4 |     5 ||     9
       Shroud of Golubri |     1 |     5 ||     6
       Song of Slaying   |     1 |     1 ||     2
  Use: Potion            |       |     4 ||     4
  Eat: Chunk             |     2 |     3 ||     5
